Map: Abyssal Reef LE

Players

Bentastic

  • Race: Terran Terran
  • Spawn Location: 5:00

Cuervo - Winner!

  • Race: Protoss Protoss
  • Spawn Location: 11:00

VOD

Have the link to the VOD?

Description

Time

  • Played on: Sept. 20, 2017, 4:26 p.m.
  • Length: 7:46
Show
View Real Time Build Order
Export as new Build Order

Bentastic Terran 

Build Orders:  

Get SALT Encoding   

  12  0:10  Supply Depot  
  12  0:15  SCV  
  13  0:35  Barracks  
  13  0:41  Refinery  
  13  1:00  SCV  
  14  1:14  Barracks  
  14  1:29  Bunker  
  14  1:36  Marine  
  15  1:47  Bunker  
  15  1:54  Marine  
  16  2:02  Supply Depot  
  16  2:04  Marine  
  17  2:12  Marine  
  18  2:22  Marine  
  19  2:29  Marine, Factory  
  20  2:39  Marine  
  20  2:40  Supply Depot  
  21  2:47  Marine  
  22  2:57  Marine  
  23  3:02  SCV  
  23  3:05  Marine  
  25  3:14  SCV  
  25  3:15  Marine  
  27  3:21  Starport  
  27  3:24  Marine  
  28  3:33  Marine  
  29  3:42  Marine  
  30  3:51  Marine  
  31  4:00  Marine  
  31  4:02  Medivac  
  34  4:08  Marine, Refinery  
  35  4:17  SCV  
  35  4:18  Marine  
  37  4:26  Marine  
  38  4:34  Engineering Bay  
  38  4:36  Marine  
  39  4:48  Supply Depot  
  39  5:06  Terran Infantry Weapons Level 1  
  39  5:09  Marine  
  39  5:10  SCV, Medivac  
  43  5:15  Supply Depot  
  43  5:19  Marine  
  44  5:39  Supply Depot  
  44  5:41  Marine  
  45  5:43  Marine  
  34  5:59  Marine  
  34  6:01  Marine  
  28  6:16  Marine  
  27  6:19  Marine  
  16  6:37  Marine  
  11  6:54  Marine x2  
Show
View Real Time Build Order
Export as new Build Order

Cuervo Protoss - Winner!

Build Orders: 1 Gate Expand 

Get SALT Encoding   

  12  0:01  Probe (Chrono Boost)  
  13  0:11  Probe (Chrono Boost)  
  14  0:19  Pylon  
  14  0:22  Probe (Chrono Boost)  
  15  0:37  Probe (Chrono Boost)  
  15  0:40  Gateway  
  16  0:47  Probe (Chrono Boost)  
  17  1:00  Probe (Chrono Boost)  
  19  1:11  Probe (Chrono Boost)  
  19  1:16  Nexus  
  19  1:22  Probe (Chrono Boost)  
  20  1:28  Zealot (Chrono Boost)  
  20  1:32  Probe (Chrono Boost)  
  23  1:34  Pylon  
  23  1:48  Gateway  
  23  1:52  Probe (Chrono Boost)  
  24  1:55  Zealot  
  26  2:03  Probe (Chrono Boost)  
  27  2:09  Gateway  
  27  2:13  Probe (Chrono Boost)  
  28  2:23  Zealot  
  28  2:25  Gateway  
  28  2:28  Probe (Chrono Boost)  
  28  2:29  Probe (Chrono Boost)  
  32  2:37  Zealot  
  32  2:38  Probe (Chrono Boost)  
  32  2:39  Probe (Chrono Boost)  
  36  2:45  Pylon  
  36  2:49  Probe (Chrono Boost)  
  36  2:50  Zealot  
  39  2:58  Zealot  
  39  3:02  Probe x2 (Chrono Boost)  
  39  3:04  Zealot  
  45  3:12  Probe (Chrono Boost), Zealot  
  48  3:13  Probe (Chrono Boost)  
  51  3:20  Zealot  
  51  3:23  Probe x2 (Chrono Boost)  
  51  3:25  Pylon  
  53  3:32  Pylon  
  53  3:33  Probe (Chrono Boost)  
  54  3:38  Pylon  
  54  3:43  Probe (Chrono Boost), Zealot x2  
  54  3:45  Zealot  
  61  3:50  Gateway, Zealot  
  63  3:59  Probe x2 (Chrono Boost)  
  65  4:10  Probe x2 (Chrono Boost), Zealot x2  
  65  4:12  Gateway, Zealot  
  73  4:17  Gateway  
  73  4:23  Zealot  
  75  4:25  Probe x2 (Chrono Boost)  
  75  4:28  Pylon  
  77  4:37  Nexus  
  77  4:54  Pylon x2, Zealot  
  77  4:56  Pylon x3  
  77  4:57  Zealot  
  81  5:01  Probe x2 (Chrono Boost)  
  81  5:06  Zealot  
  85  5:12  Zealot x3  
  91  5:14  Zealot  
  91  5:16  Probe (Chrono Boost)  
  94  5:27  Zealot x2  
  98  5:33  Zealot  
  100  5:39  Zealot x2  
  100  5:42  Zealot x2  
  100  5:52  Probe x2 (Chrono Boost)  
  100  5:53  Probe (Chrono Boost)  
  100  5:54  Zealot x2  
  95  6:00  Zealot  
  95  6:03  Probe (Chrono Boost)  
  94  6:06  Zealot x2  
  94  6:09  Zealot  
  94  6:10  Zealot  
  96  6:19  Probe (Chrono Boost)  
  96  6:20  Probe x2 (Chrono Boost)  
  96  6:21  Zealot x2  
  101  6:27  Gateway, Zealot  
  101  6:30  Probe (Chrono Boost)  
  104  6:33  Zealot x2  
  104  6:36  Zealot  
  104  6:39  Zealot  
  108  6:46  Gateway  
  106  6:48  Zealot x2  
  110  6:54  Zealot  
  110  7:00  Probe x3 (Chrono Boost), Zealot x2  
  119  7:03  Zealot  
  119  7:06  Zealot  
  123  7:10  Probe x2 (Chrono Boost)  
  123  7:11  Probe (Chrono Boost)  
  126  7:15  Zealot x2  
  138  7:35  Gateway  
  140  7:39  Pylon  
  140  7:41  Pylon  
  140  7:43  Pylon  
Tags
 
Add a new tag
Caveats
  • Supply blocks, unpowered buildings, or Contaminate may cause inaccurate times.
  • Supply counts are checked every 10 seconds.